 Dungeon Crawl Stone Soup version 0.29.1-1-gd02db6906a (webtiles) character file.

Game seed: 2849279945047021981

3679 LustLizard the Magician (level 10, 0/75 HPs)
             Began as a Djinni Fire Elementalist on Oct 11, 2022.
             Was an Initiate of Ashenzari.
             Slain by a swamp worm (6 damage)
             ... on level 8 of the Dungeon.
             The game lasted 00:18:28 (10098 turns).

LustLizard the Magician (Djinni Fire Elementalist) Turns: 10098, Time: 00:18:29

Health: 0/75       AC:  7    Str:  7    XL:     10   Next: 34%
Gold:   294        EV: 14    Int: 20    God:    Ashenzari [......] SH:  0 Dex: 15

rFire   + + .      SeeInvis +   x - +7 flail of Toothy Offence {vorpal, Will+ rCorr SInv}
rCold   x . .      Faith    .   (no shield)
rNeg    . . .      Spirit   .   M - +0 steam dragon scales
rPois   ∞          Reflect  .   H - +0 helmet "Stellar Loss" {Range, Self} (curse)
rElec   .          Harm     .   (no cloak)
rCorr   +          Rampage  .   k - +0 pair of gloves
Will    ++...                   (boots unavailable)
Stlth   +++.......              (no amulet)
HPRegen 0.22/turn               (no ring)
MPRegen 0.00/turn               (no ring)

@: flying
A: sickness immunity, fire resistance 2, cold vulnerability 1, float, innate
caster, HP casting, extra vitality 1
a: Renounce Religion, Shatter the Chains


You were on level 8 of the Dungeon.
You worshipped Ashenzari.
Ashenzari was noncommittal.
You visited 2 branches of the dungeon, and saw 9 of its levels.

You collected 294 gold pieces.

Inventory:

Hand Weapons
 e - a +0 club
 i - a +0 dagger
 p - a +0 dagger of freezing
 v - a +0 demon whip
 x - the +7 flail of Toothy Offence (weapon) {vorpal, Will+ rCorr SInv}
   (You found it on level 3 of the Dungeon)

   It inflicts extra damage upon your enemies.
   SInv:      It lets you see invisible.
   rCorr:     It protects you from acid and corrosion.
   Will:      It increases your willpower.
Missiles
 j - 12 poisoned darts
 y - 3 curare-tipped darts
 E - 4 atropa-tipped darts
 J - 4 throwing nets
Armour
 a - a +0 robe
 k - a +0 pair of gloves (worn)
 H - the cursed +0 helmet "Stellar Loss" (worn) {Range, Self}
   (You found it on level 5 of the Dungeon)

   It has a curse which improves the following skills: Ranged Combat: Ranged
   Weapons and Throwing.
   Introspection: Fighting and Spellcasting.
 M - +0 steam dragon scales (worn)
Wands
 B - a wand of charming (10)
 G - a wand of iceblast (12)
 I - a wand of quicksilver (12)
Scrolls
 h - a scroll of enchant armour {unknown}
 n - 4 scrolls of immolation {unknown}
 q - a scroll of noise {unknown}
 r - a scroll of brand weapon {unknown}
 t - 2 scrolls of poison {unknown}
 w - 2 scrolls of summoning {unknown}
 A - 3 scrolls of vulnerability
 K - a scroll of butterflies {unknown}
 N - 2 scrolls of fear {unknown}
 Q - a scroll of amnesia {unknown}
Potions
 b - a potion of brilliance {unknown}
 c - 5 potions of might
 g - 6 potions of degeneration
 l - a potion of experience {unknown}
 m - 3 potions of mutation
 o - 4 potions of curing
 s - a potion of ambrosia {unknown}
 u - 3 potions of attraction
 z - a potion of haste
 C - a potion of invisibility {unknown}
 D - a potion of flight {unknown}
 F - a potion of magic
 L - 2 potions of berserk rage {unknown}
 O - a potion of lignification {unknown}
 P - a potion of resistance {unknown}


   Skills:
 + Level 6.6(7.0) Fighting
 - Level 6.0 Dodging
 - Level 6.0 Stealth
 * Level 7.7(8.2) Spellcasting


You had 3 spell levels left.
You knew the following spells:

 Your Spells              Type           Power      Damage    Failure   Level
a - Foxfire               Conj/Fire      100%       2x1d9     1%          1
b - Scorch                Fire           82%        2d9       1%          2
c - Conjure Flame         Conj/Fire      41%        6-21      1%          3
d - Inner Flame           Hex/Fire       41%        N/A       1%          3
e - Flame Wave            Conj/Fire      41%        2d11      2%          4
f - Slow                  Hex            100%       N/A       1%          1
g - Call Imp              Summ           41%        N/A       1%          2
h - Spider Form           Tmut/Pois      41%        N/A       1%          3
i - Stone Arrow           Conj/Erth      82%        3d12      1%          3
Your spell library was empty.

Dungeon Overview and Level Annotations

Branches:
Dungeon (8/15)             Temple (1/1) D:7
   Lair: D:8-11

Altars:
Ashenzari
Cheibriados
Dithmenos
Elyvilon
Gozag
Hepliaklqana
Makhleb
Nemelex Xobeh
Okawaru
Qazlal
Ru
Wu Jian
Zin

Shops:
D:1 [


Innate Abilities, Weirdness & Mutations

You are immune to sickness and miasma.
You are immune to poison.
Your flesh is very heat resistant. (rF++)
You are vulnerable to cold. (rC-)
You float through the air rather than walking.
You learn spells naturally, not from books.
Your magical power is your life essence.
You have superior vitality. (+4 MHP)


Message History

You kill the swamp worm!
The swamp worm bites you!!
* * * LOW HITPOINT WARNING * * *
The swamp worm closely misses you. The swamp worm bites you!
* * * LOW HITPOINT WARNING * * *
You see here a swamp worm corpse.
You feel much better.
The swamp worm bites you but does no damage.
You closely miss the swamp worm. The swamp worm bites you.
The swamp worm barely misses you.
You barely miss the swamp worm. The swamp worm bites you.
* * * LOW HITPOINT WARNING * * *
You sock the swamp worm!
The swamp worm is moderately wounded.
The swamp worm bites you but does no damage.
The swamp worm bites you.
* * * LOW HITPOINT WARNING * * *
You barely miss the swamp worm.
The swamp worm is moderately wounded.
The swamp worm closely misses you. The swamp worm misses you.
You closely miss the swamp worm.
The swamp worm is moderately wounded.
The swamp worm closely misses you.
You barely miss the swamp worm.
The swamp worm is moderately wounded.
The swamp worm closely misses you. The swamp worm bites you.
* * * LOW HITPOINT WARNING * * *
You sock the swamp worm!
The swamp worm is heavily wounded.
The swamp worm barely misses you.
The swamp worm bites you but does no damage.
You hit the swamp worm.
The swamp worm is severely wounded.
The swamp worm bites you!
* * * LOW HITPOINT WARNING * * *
You closely miss the swamp worm.
The swamp worm is severely wounded.
The swamp worm bites you.
You die...

#....#............
#....#......).....
########'###............
#|.........#.###)....###
#..........###.'#...#'.#
#..........+#...#...#...
#..........##<.##...##.<
#......w...#####.....###
#####......@...#
###......
#........###..## ##.....
#........####.# #.....
#.......~~~~~.# #.....
#......~~≈~≈~~### #.....
#....~~~~###~~~~##
#.....
#...~~≈###~###≈~~#
#..###
..##.~≈##~~~~~#P~~#
####..
..#..~~#~~~~~w~w~~# #..


You could see a swamp worm.

Vanquished Creatures
  3 yaks (D:7)
  Eustachio (D:5)
  4 steam dragons
  A swamp worm (D:8)
  A water moccasin (D:6)
  2 ice beasts
  An orc warrior (D:8)
  2 sky beasts (D:7)
  A black bear (D:7)
  A centaur (D:6)
  An ogre (D:7)
  2 bullfrogs
  2 gnoll sergeants (D:8)
  2 necrophages
  A scorpion (D:4)
  6 wights (D:7)
  3 howler monkeys (D:8)
  A jelly (D:4)
  A hound (D:6)
  A gnoll bouda (D:6)
  An orc priest (D:7)
  7 iguanas
  3 orc wizards
  7 adders
  17 gnolls
  A white imp (D:7)
  An ufetubus (D:4)
  A dart slug (D:3)
  21 orcs
  8 endoplasms
  4 giant cockroaches
  12 goblins
  7 hobgoblins
  3 jackals (D:5)
  2 kobolds
  A quokka (D:5)
  5 ball pythons
  5 bats
  2 frilled lizards (D:3)
  5 rats
150 creatures vanquished.

Vanquished Creatures (collateral kills)
  Blork the orc (D:6)
  A gnoll (D:8)
  3 foxfires
5 creatures vanquished.

Vanquished Creatures (others)
  351 foxfires
  8 plants
359 creatures vanquished.

Grand Total: 514 creatures vanquished

Notes
Turn   | Place    | Note
-------+----------+-------------------------------------------
     0 | D:1      | LustLizard the Djinni Fire Elementalist began the quest for
                  | the Orb.
     0 | D:1      | LustLizard set off with the following spells memorised:
                  | Foxfire, Scorch, Conjure Flame, Inner Flame, Flame Wave.
     0 | D:1      | Reached XP level 1. HP: 15/15 MP: 0/0
    41 | D:1      | Found a faded altar of an unknown god.
   259 | D:1      | Found Zymmu's Antique Armour Boutique.
   309 | D:1      | Reached XP level 2. HP: 19/22 MP: 0/0
  1116 | D:1      | Reached XP level 3. HP: 25/26 MP: 0/0
  1116 | D:1      | Learned a level 1 spell: Slow
  1270 | D:1      | Reached skill level 1 in Fighting
  1957 | D:3      | Reached XP level 4. HP: 27/32 MP: 0/0
  2058 | D:3      | Reached skill level 3 in Spellcasting
  2431 | D:3      | Identified the +7 flail of Toothy Offence {vorpal, Will+
                  | rCorr SInv}
  2600 | D:3      | Reached XP level 5. HP: 37/37 MP: 0/0
  2600 | D:3      | Learned a level 2 spell: Call Imp
  3311 | D:4      | Reached XP level 6. HP: 42/43 MP: 0/0
  3449 | D:4      | You are sucked into a shaft and drop 2 floors!
  3501 | D:5      | Entered Level 5 of the Dungeon
  3560 | D:4      | Reached XP level 7. HP: 49/49 MP: 0/0
  3560 | D:4      | Learned a level 3 spell: Spider Form
  3619 | D:4      | Found a stormy altar of Qazlal.
  3665 | D:4      | Reached skill level 4 in Spellcasting
  4636 | D:5      | Noticed Eustachio
  5489 | D:6      | Found an opulent altar of Gozag.
  5489 | D:6      | Found a snail-covered altar of Cheibriados.
  5489 | D:6      | Found a burning altar of Makhleb.
  5497 | D:6      | Found an iron altar of Okawaru.
  5584 | D:6      | Reached XP level 8. HP: 48/56 MP: 0/0
  6061 | D:6      | Reached skill level 5 in Spellcasting
  6178 | D:6      | Reached skill level 5 in Dodging
  6178 | D:6      | Found a sacrificial altar of Ru.
  6428 | D:6      | Noticed Blork the orc
  6457 | D:6      | Killed Blork the orc
  6768 | D:5      | Killed Eustachio
  6769 | D:5      | Reached XP level 9. HP: 57/63 MP: 0/0
  6769 | D:5      | Learned a level 3 spell: Stone Arrow
  6996 | D:7      | Found an ornate altar of the Wu Jian Council.
  7026 | D:7      | Found a glowing silver altar of Zin.
  7079 | D:7      | Found a staircase to the Ecumenical Temple.
  7166 | Temple   | Entered the Ecumenical Temple
  7171 | Temple   | Became a worshipper of Ashenzari the Shackled
  7180 | D:7      | Reached skill level 6 in Spellcasting
  7314 | D:7      | Reached skill level 5 in Fighting
  7378 | D:7      | Reached skill level 5 in Stealth
  8481 | D:7      | Reached XP level 10. HP: 46/72 MP: 0/0
  8485 | D:7      | Reached skill level 7 in Spellcasting
 10098 | D:8      | Slain by a swamp worm

Illustrated notes

Levels and vault maps discovered:
D:1:      minmay_arrival_solitary_statue, layout_loops_cross, serial_shops,
          shop, dreamdust_ecumenical_altar_angels_and_demons,
          nicolae_hexahallways
D:2:      layout_rooms
D:3:      minmay_spotlight, layout_basic
D:4:      layout_basic, mainiacjoe_overflow_24_doors, serial_bayou,
          serial_bayou_ford_a, serial_bayou_pond_a, serial_bayou_lagoon_a,
          serial_bayou_pond_a
D:5:      layout_basic, uniq_eustachio
D:6:      layout_cave_pools, marbit_many_paths,
          nicolae_overflow_quartered_altars, serial_column_ruins,
          column_ruins_columns_straight, column_ruins_open_tiny,
          column_ruins_open_large, column_ruins_grid_4,
          column_ruins_columns_straight, minivault_25, hangedman_decor_lopped,
          grunt_ministairs_12, uniq_blork_the_orc
D:7:      layout_basic, nzn_wu_jian_council_hall,
          mainiacjoe_overflow_concentric_impassable,
          minmay_temple_entry_offerings
D:8:      layout_gridville, lightli_temple_of_fire, lair_entry_dummy,
          special_room [special_room_orc], grunt_ministairs_6, worms_lemuel
Temple:   nicolae_temple_ecumenical_triangle

Skill      XL: |  1  2  3  4  5  6  7  8  9 10 |
---------------+-------------------------------+-----
Fighting       | 1 2 3 4 5 6 |  6.6
Stealth        | 2 3 4 5 6 |  6.0
Spellcasting   | 3 4 5 6 7 |  7.7
Dodging        | 3 4 5 6 |  6.0

Action                   |  1- 3 |  4- 6 |  7- 9 | 10-12 || total
-------------------------+-------+-------+-------+-------++-------
Melee: Unarmed           |     1 |       |       |       ||     1
       Club              |     2 |       |       |       ||     2
       Flail             |       |     9 |    61 |    26 ||    96
       Punch             |       |       |     2 |     1 ||     3
 Cast: Foxfire           |    54 |    52 |   102 |     9 ||   217
       Scorch            |     1 |     7 |     2 |       ||    10
       Slow              |     1 |     3 |     1 |       ||     5
       Conjure Flame     |     1 |       |     1 |       ||     2
       Call Imp          |       |       |     4 |     1 ||     5
       Stone Arrow       |       |       |    34 |    43 ||    77
Invok: Curse Item        |       |       |     1 |       ||     1
  Use: Scroll            |     1 |     6 |     3 |     2 ||    12
       Potion            |       |       |     1 |     3 ||     4
 Stab: Sleeping          |       |     2 |     2 |       ||     4
Armor: Robe              |     6 |     3 |     9 |       ||    18
       Steam dragon scal |       |       |     7 |    11 ||    18
Dodge: Dodged            |     4 |     3 |    75 |    38 ||   120
